 Dungeon Crawl Stone Soup version 0.30-a0-778-g2ef04afb54 (webtiles) character file.

Game seed: 3942839024718197849

564 Spectrina the Spear-Bearer (level 7, -2/30 (50) HPs)
             Began as a Merfolk Reaver on Feb 15, 2023.
             Slain by an ufetubus (4 damage)
             ... on level 5 of the Dungeon on Feb 16, 2023.
             The game lasted 00:22:38 (1803 turns).

Spectrina the Spear-Bearer (Merfolk Reaver)         Turns: 1803, Time: 00:22:39

HP:   -2/30 (50)    AC:  7    Str: 15    XL:     7   Next: 32%
MP:   13/13         EV: 12    Int: 12    God:
Gold: 128           SH:  0    Dex: 12    Spells: 8/14 levels left

rFire   . . .      SeeInvis .    f - +0 trident
rCold   . . .      Faith    +    (no shield)
rNeg    . . .      Spirit   .    b - +0 leather armour
rPois   .          Reflect  .    o - +1 helmet
rElec   .          Harm     .    (no cloak)
rCorr   .          Rampage  .    u - +0 pair of gloves
Will    .....                    t - +0 pair of boots
Stlth   +                        r - amulet of faith
HPRegen 0.25/turn                (no ring)
MPRegen 0.13/turn                (no ring)

@: lethally poisoned (-2 -> -3), very heavily drained
A: (nimble swimmer 2), mertail
a: no special abilities


You were on level 5 of the Dungeon.
You visited 1 branch of the dungeon, and saw 5 of its levels.
You also visited: Sewer.

You collected 128 gold pieces.

Inventory:

Hand Weapons
 a - a +0 spear
 d - a +0 sling
 e - a +0 shortbow
 f - a +0 trident (weapon)
 g - a +2 whip of electrocution
Missiles
 i - 5 atropa-tipped darts
 j - 24 poisoned darts
 s - 3 boomerangs (quivered)
Armour
 b - a +0 leather armour (worn)
 o - a +1 helmet (worn)
 t - a +0 pair of boots (worn)
 u - a +0 pair of gloves (worn)
Jewellery
 r - an amulet of faith (around neck)
Scrolls
 c - 2 scrolls of enchant armour
 h - 2 scrolls of noise {unknown}
 l - a scroll of magic mapping {unknown}
 p - a scroll of teleportation {unknown}
 q - a scroll of poison {unknown}
Potions
 k - a potion of heal wounds
 m - a potion of degeneration {unknown}


   Skills:
 - Level 2.1 Fighting
 + Level 8.0 Polearms
 + Level 1.7 Armour
 - Level 2.6 Dodging
 + Level 1.1 Stealth
 - Level 4.1 Spellcasting
 + Level 3.0 Conjurations


You had 8 spell levels left.
You knew the following spells:

 Your Spells              Type           Power      Damage    Failure   Level
a - Kiss of Death         Conj/Necr      24%        2d7       14%         1
b - Hailstorm             Conj/Ice       6%         3d4       41%         3
f - Momentum Strike       Conj/Tloc      12%        3d8       22%         2

Your spell library contained the following spells:

 Spells                   Type           Power      Damage    Failure   Level


Dungeon Overview and Level Annotations

Branches:
Dungeon (5/15)              Sewer (visited)
 Temple: D:4-7

Altars:
Dithmenos
Uskayaw

Annotations:
D:2 Natasha
D:4 Menkaure, Sigmund


Innate Abilities, Weirdness & Mutations

((You are very nimble when in or above water. (Stealth+, EV+, Speed+++)))
Your lower body shifts to a powerful aquatic tail in water.


Message History

The scorpion misses you.
You barely miss the ufetubus.
The ufetubus is severely wounded.
You feel sick. The ufetubus closely misses you. x2
The scorpion stings you but does no damage.
The ufetubus hits you. The ufetubus closely misses you.
You closely miss the ufetubus.
The ufetubus is severely wounded.
You feel sick.
The quokka twitches its whiskers.
The ufetubus closely misses you.
The ufetubus hits you but does no damage.
The scorpion barely misses you.
You closely miss the ufetubus.
The ufetubus is severely wounded.
You feel sick. The ufetubus misses you.
The ufetubus hits you but does no damage.
The scorpion stings you.
* * * LOW HITPOINT WARNING * * *
You closely miss the ufetubus.
The ufetubus is severely wounded.
You feel sick. The ufetubus hits you.
* * * LOW HITPOINT WARNING * * *
The ufetubus hits you but does no damage.
The scorpion stings you but does no damage.
The ufetubus hits you but does no damage.
The ufetubus barely misses you.
You hit the ufetubus but do no damage.
The ufetubus is severely wounded.
You feel sick. The quokka misses you. The scorpion closely misses you.
The ufetubus hits you.
* * * LOW HITPOINT WARNING * * *
The ufetubus barely misses you.
You barely miss the ufetubus.
The ufetubus is severely wounded.
* * * LOW HITPOINT WARNING * * *
You feel sick.
The quokka bites you but does no damage.
The ufetubus hits you.
You die...

#........###...#
#.#####......#.# #
#.#####.####...# ###.##
#.......#####.###......
###.####.##.............
#~#'#≈##.##........##.#
#_..._##.##........#
###########........##
#..@r........
#..s5........
#........#....
#...$...#.#....
#.#####.#.# ... #. ...#
. s.. .# .##


You could see a scorpion, an ufetubus and a quokka.

Vanquished Creatures
  2 phantoms (D:4)
  3 kobold brigands (Sewer)
  A necrophage (D:4)
  2 orc priests (D:4)
  A hound (D:5)
  2 adders (D:5)
  A worm (D:3)
  A dart slug (D:1)
  5 orcs (D:4)
  3 endoplasms
  2 giant cockroaches (D:3)
  6 jackals (D:3)
  12 kobolds
  2 quokkas (D:3)
  4 ball pythons
  A frilled lizard (Sewer)
  3 rats
51 creatures vanquished.

Vanquished Creatures (others)
  A plant (Sewer)
1 creature vanquished.

Grand Total: 52 creatures vanquished

Notes
Turn   | Place    | Note
-------+----------+-------------------------------------------
     0 | D:1      | Spectrina the Merfolk Reaver began the quest for the Orb.
     0 | D:1      | Reached XP level 1. HP: 16/16 MP: 3/3
   116 | D:2      | Noticed Natasha
   121 | D:2      | Noticed a crimson imp
   201 | D:3      | Reached XP level 2. HP: 22/22 MP: 5/5
   250 | D:3      | Reached skill level 5 in Polearms
   269 | D:3      | Learned a level 2 spell: Momentum Strike
   478 | D:3      | Found a glowing drain.
   503 | D:3      | Reached XP level 3. HP: 27/27 MP: 6/6
   508 | Sewer    | Entered a sewer
   527 | Sewer    | Noticed a kobold brigand
   547 | Sewer    | Killed a kobold brigand
   548 | Sewer    | Reached skill level 6 in Polearms
   548 | Sewer    | Reached XP level 4. HP: 32/33 MP: 6/8
   617 | Sewer    | Noticed a kobold brigand
   673 | Sewer    | Killed a kobold brigand
   674 | Sewer    | Reached XP level 5. HP: 21/38 MP: 8/10
   736 | Sewer    | Noticed a kobold brigand
   754 | Sewer    | Killed a kobold brigand
   755 | Sewer    | Reached skill level 7 in Polearms
   755 | Sewer    | Reached XP level 6. HP: 26/44 MP: 11/11
  1017 | D:4      | Noticed Sigmund
  1164 | D:4      | Learned a level 3 spell: Hailstorm
  1228 | D:4      | Noticed Menkaure
  1412 | D:4      | Reached skill level 1 in Armour
  1615 | D:4      | Reached XP level 7. HP: 43/50 MP: 13/13
  1677 | D:5      | Entered Level 5 of the Dungeon
  1683 | D:5      | Reached skill level 1 in Stealth
  1762 | D:5      | Found a shadowy altar of Dithmenos.
  1762 | D:5      | Found a hide-covered altar of Uskayaw.
  1789 | D:5      | Reached skill level 8 in Polearms
  1803 | D:5      | Slain by an ufetubus

Illustrated notes

Levels and vault maps discovered:
D:1:      beargit_arrival_greenhouse, layout_loops_corners,
          shapermc_ecumenical_altar_pompeii, grunt_decor_resistance
D:2:      layout_basic, serial_shops, nicolae_shop_stone, uniq_robin,
          uniq_natasha
D:3:      layout_basic, cheibrodos_sewer_entry_drain
D:4:      layout_basic, uniq_menkaure, uniq_sigmund
D:5:      minmay_evil_eye, layout_loops_cross,
          gammafunk_temple_overflow_elements

Skill      XL: |  1  2  3  4  5  6  7 |
---------------+----------------------+-----
Polearms       | 5 6 7 8 |  8.0
Spellcasting   | 3 4 |  4.1
Armour         | 1 |  1.7
Stealth        | 1 |  1.1
Conjurations   | 3 |  3.0
Fighting       | |  2.1
Dodging        | |  2.6

Action                     |  1- 3 |  4- 6 |  7- 9 || total
---------------------------+-------+-------+-------++-------
  Melee: Spear             |    56 |   154 |    22 ||   232
         Tailslap          |     3 |     2 |       ||     5
         Punch             |       |     1 |       ||     1
         Trident           |       |       |    28 ||    28
   Fire: Shortbow          |    23 |     7 |       ||    30
  Throw: Dart              |       |    18 |       ||    18
         Boomerang         |       |     1 |       ||     1
   Cast: Kiss of Death     |       |       |     3 ||     3
         Momentum Strike   |       |       |     1 ||     1
    Use: Potion            |     1 |       |     4 ||     5
         Scroll            |       |       |     2 ||     2
   Stab: Invisible         |       |       |     1 ||     1
 Armour: Leather armour    |    10 |    17 |    21 ||    48
  Dodge: Dodged            |    32 |    53 |    61 ||   146

Table legend: (Time is in decaauts)
 A = Elapsed time spent in this place.
 B = Non-inter-level travel time spent in this place.
 C = Inter-level travel time spent in this place.
 D = Time resting spent in this place.
 E = Time spent auto-exploring this place.
 F = Levels seen in this place.
 G = Mean time per level.
                   A        B        C        D        E       F      G
               +--------+--------+--------+--------+--------+-----+--------+
         Total |   1709 |   1546 |    163 |      0 |      0 |   6 |  284.8 |
       Dungeon |   1434 |   1271 |    163 |      0 |      0 |   5 |  286.8 |
         Sewer |    275 |    275 |      0 |      0 |      0 |   1 |  275.0 |
               +--------+--------+--------+--------+--------+-----+--------+

Top non-repeatable levels by time:
     D:3: 685 daAuts
     D:4: 428 daAuts
   Sewer: 275 daAuts
     D:1: 166 daAuts
     D:5: 123 daAuts
     D:2: 31 daAuts
